PUBA
RED SPRINGS RED ROBINS @ JOHN'S ISLAND SOD POODLES
04/27/1972
 
TOP OF THE 1ST
Red Springs Red Robins batting - Pitching for John's Island Sod Poodles : LHP Dan Rogers
Pitching: LHP Dan Rogers
Batting: RHB Jimmy Niklot 0-0: Ball
1-0: Ball
2-0: Ball
3-0: Base on Balls
Batting: RHB Bert Campaneris 0-0: Ball
1-0: Ball
2-0: Ball
3-0: Foul Ball, location: 5DF
3-1: Base on Balls
Jimmy Niklot to second
Batting: RHB Jeff Burroughs 0-0: Foul Ball, location: 7LDF
0-1: Called Strike
0-2: Strikes out swinging
Batting: LHB Ronald Kelly 0-0: Called Strike
0-1: Ball
1-1: Foul Ball, location: 7LSF
1-2: Strikes out swinging
Batting: RHB Dima Vatsik 0-0: Called Strike
0-1: Swinging Strike
0-2: Strikes out swinging
Top of the 1st over - 0 runs, 0 hits, 0 errors, 2 left on base; Red Springs 0 - John's Island 0
BOTTOM OF THE 1ST
John's Island Sod Poodles batting - Pitching for Red Springs Red Robins : RHP Ken Dwyer
Pitching: RHP Ken Dwyer
Batting: LHB John Milner 0-0: Ball
1-0: Called Strike
1-1: Ball
2-1: Ball
3-1: Fly out, F8 (Flyball, 8LD, EV 106.3 MPH)
Batting: RHB Bento Sardinheiro 0-0: Ball
1-0: Called Strike
1-1: Swinging Strike
1-2: SINGLE (Line Drive, 89M, EV 93.1 MPH)
Batting: LHB Austin Williams 0-0: SINGLE (Groundball, 4MD, EV 105.0 MPH)
Bento Sardinheiro to second
Batting: RHB Steve Palmer 0-0: Fly out, F7 (Flyball, 7D, EV 79.4 MPH)
Runner from 2nd tags up, SAFE at 3rd, no throw by LF
Batting: RHB Adam Wright 0-0: Called Strike
0-1: Foul Ball, location: 2F
0-2: Strikes out swinging
Bottom of the 1st over - 0 runs, 2 hits, 0 errors, 2 left on base; Red Springs 0 - John's Island 0
TOP OF THE 2ND
Red Springs Red Robins batting - Pitching for John's Island Sod Poodles : LHP Dan Rogers
Batting: RHB Oscar Norris 0-0: SOLO HOME RUN (Flyball, 7D, EV 98.8 MPH), Distance : 359 ft
Batting: RHB Larry Lewis 0-0: Foul Ball, location: 7LSFF
0-1: Called Strike
0-2: Ball
1-2: Strikes out swinging
Batting: RHB Tony López 0-0: Called Strike
0-1: Foul Ball, location: 2F
0-2: Ball
1-2: Foul Ball, location: 2F
1-2: Ball
2-2: Foul Ball, location: 23FF
2-2: Ball
3-2: Base on Balls
Batting: RHB Doug Rowlett 0-0: Ball
1-0: Ball
2-0: Ball
3-0: Called Strike
3-1: SINGLE (Line Drive, 56, EV 109.4 MPH)
Tony López to second
Batting: RHB Jimmy Niklot 0-0: Grounds into double play, 5-4-3 (Groundball, 56S, EV 87.5 MPH)
Top of the 2nd over - 1 run, 2 hits, 0 errors, 1 left on base; Red Springs 1 - John's Island 0
BOTTOM OF THE 2ND
John's Island Sod Poodles batting - Pitching for Red Springs Red Robins : RHP Ken Dwyer
Batting: RHB Bill Oglethorpe 0-0: Ball
1-0: Ball
2-0: Swinging Strike
2-1: Ball
3-1: Called Strike
3-2: Strikes out swinging
Batting: RHB Benny Hutchins 0-0: Ball
1-0: Fly out, F7 (Flyball, 7, EV 76.3 MPH)
Batting: RHB Craig Leslie 0-0: Foul Ball, location: 5FF
0-1: Ball
1-1: Ball
2-1: Called Strike
2-2: Foul Ball, location: 25F
2-2: Strikes out swinging
Bottom of the 2nd over - 0 runs, 0 hits, 0 errors, 0 left on base; Red Springs 1 - John's Island 0
TOP OF THE 3RD
Red Springs Red Robins batting - Pitching for John's Island Sod Poodles : LHP Dan Rogers
Batting: RHB Bert Campaneris 0-0: Called Strike
0-1: Ball
1-1: DOUBLE (Line Drive, 7LM, EV 107.5 MPH)
Batting: RHB Jeff Burroughs 0-0: Ball
1-0: Foul Ball, location: 3FF
1-1: Ball
2-1: Ball
3-1: Fly out, F8 (Flyball, 8RM, EV 90.0 MPH)
Batting: LHB Ronald Kelly 0-0: Ball
1-0: Ball
2-0: Ball
3-0: Called Strike
3-1: Base on Balls
Batting: RHB Dima Vatsik 0-0: Ball
Bert Campaneris steals 3rd base
1-0: Called Strike
1-1: Foul Ball, location: 2F
1-2: Foul Ball, location: 7LSF
1-2: Ball
2-2: Strikes out swinging
Batting: RHB Oscar Norris 0-0: Foul Ball, location: 2RF
0-1: Ball
1-1: Ball
2-1: Ball
3-1: DOUBLE (Line Drive, 78M, EV 83.1 MPH)
Bert Campaneris scores
Ronald Kelly to third
Runner from 3rd tries for Home, SAFE, throw by LF to home
Batting: RHB Larry Lewis 0-0: Called Strike
0-1: Called Strike
0-2: Ball
1-2: Strikes out swinging
Top of the 3rd over - 2 runs, 2 hits, 0 errors, 1 left on base; Red Springs 3 - John's Island 0
BOTTOM OF THE 3RD
John's Island Sod Poodles batting - Pitching for Red Springs Red Robins : RHP Ken Dwyer
Batting: RHB António Zumaya 0-0: Foul Ball, location: 3F
0-1: Ball
1-1: SINGLE (Line Drive, 5L, EV 98.1 MPH)
Batting: LHB John Milner 0-0: Swinging Strike
0-1: Ball
António Zumaya is caught stealing 2nd base 2-6
1-1: Swinging Strike
1-2: Foul Ball, location: 25F
1-2: Ball
2-2: Foul Ball, location: 3DF
2-2: Strikes out swinging
Batting: RHB Bento Sardinheiro 0-0: SINGLE (Groundball, 34D, EV 93.8 MPH)
Batting: LHB Austin Williams 0-0: Ball
1-0: Ground out 4-3 (Groundball, 4, EV 106.9 MPH)
Bottom of the 3rd over - 0 runs, 2 hits, 0 errors, 1 left on base; Red Springs 3 - John's Island 0
TOP OF THE 4TH
Red Springs Red Robins batting - Pitching for John's Island Sod Poodles : LHP Dan Rogers
Batting: RHB Tony López 0-0: Ball
1-0: SINGLE (Line Drive, 8LS, EV 108.1 MPH)
Batting: RHB Doug Rowlett 0-0: Sac Bunt to P - play at first, batter OUT! 1-3
Tony López to second
Batting: RHB Jimmy Niklot 0-0: Foul Ball, location: 9LSF
0-1: Ball
1-1: Ball
2-1: Ball
3-1: Base on Balls
Batting: RHB Bert Campaneris 0-0: Called Strike
0-1: Called Strike
0-2: Ball
1-2: Ball
2-2: Ball
3-2: Strikes out looking
Batting: RHB Jeff Burroughs 0-0: Foul Ball, location: 2F
0-1: Ground out U3 (Groundball, 3, EV 108.8 MPH)
Top of the 4th over - 0 runs, 1 hit, 0 errors, 2 left on base; Red Springs 3 - John's Island 0
BOTTOM OF THE 4TH
John's Island Sod Poodles batting - Pitching for Red Springs Red Robins : RHP Ken Dwyer
Batting: RHB Steve Palmer 0-0: Ball
1-0: Foul Ball, location: 3FF
1-1: Fly out, F2 (Popup, 25F, EV 83.1 MPH)
Batting: RHB Adam Wright 0-0: Foul Ball, location: 3SF
0-1: Ball
1-1: Foul Ball, location: 2F
1-2: Ball
2-2: Ball
3-2: Strikes out swinging
Batting: RHB Bill Oglethorpe 0-0: Ball
1-0: Swinging Strike
1-1: Ball
2-1: Ball
3-1: Base on Balls
Batting: RHB Benny Hutchins 0-0: Ball
1-0: Swinging Strike
1-1: DOUBLE (Line Drive, 7LS, EV 94.4 MPH)
Bill Oglethorpe to third
Batting: RHB Craig Leslie 0-0: Ball
1-0: Swinging Strike
1-1: SINGLE (Line Drive, 78M, EV 102.5 MPH)
Bill Oglethorpe scores
Benny Hutchins to third
Runner from 3rd tries for Home, SAFE, throw by LF to home
Batting: RHB António Zumaya 0-0: Ball
1-0: SINGLE (Groundball, 4, EV 100.0 MPH) (infield hit)
Craig Leslie to second
Batting: LHB John Milner 0-0: Fielders Choice at 2nd, 6-4 (Groundball, 6, EV 88.8 MPH)
Bottom of the 4th over - 2 runs, 3 hits, 0 errors, 2 left on base; Red Springs 3 - John's Island 2
TOP OF THE 5TH
Red Springs Red Robins batting - Pitching for John's Island Sod Poodles : LHP Dan Rogers
Batting: LHB Ronald Kelly 0-0: Ball
1-0: Ball
2-0: Called Strike
2-1: Foul Ball, location: 3FF
2-2: Strikes out looking
Batting: RHB Dima Vatsik 0-0: Swinging Strike
0-1: Fly out, F7 (Line Drive, 7, EV 98.1 MPH)
Batting: RHB Oscar Norris 0-0: Ball
1-0: Ball
2-0: Ball
3-0: Base on Balls
Batting: RHB Larry Lewis 0-0: Ball
1-0: Ball
2-0: Fielders Choice at 2nd, 6-4 (Groundball, 6, EV 82.5 MPH)
Top of the 5th over - 0 runs, 0 hits, 0 errors, 1 left on base; Red Springs 3 - John's Island 2
BOTTOM OF THE 5TH
John's Island Sod Poodles batting - Pitching for Red Springs Red Robins : RHP Ken Dwyer
Batting: RHB Bento Sardinheiro 0-0: Ball
1-0: Hit by Pitch
Batting: LHB Austin Williams 0-0: Ball
1-0: Swinging Strike
1-1: Ball
2-1: Fielders Choice at 2nd, 4-6 (Groundball, 34D, EV 100.0 MPH)
Batting: RHB Steve Palmer 0-0: Called Strike
0-1: Ball
Austin Williams steals 2nd base
1-1: Ball
2-1: Reached on error, E6 (Groundball, 6, EV 86.3 MPH)
Batting: RHB Adam Wright 0-0: Called Strike
0-1: Ball
1-1: Ball
2-1: Ball
3-1: Base on Balls
Austin Williams to third
Steve Palmer to second
Batting: RHB Bill Oglethorpe 0-0: Grounds into double play, 6-4-3 (Groundball, 6, EV 86.3 MPH)
Bottom of the 5th over - 0 runs, 0 hits, 1 error, 2 left on base; Red Springs 3 - John's Island 2
TOP OF THE 6TH
Red Springs Red Robins batting - Pitching for John's Island Sod Poodles : LHP Dan Rogers
Batting: RHB Tony López 0-0: Ball
1-0: Called Strike
1-1: Ball
2-1: Fly out, F7 (Flyball, 7LM, EV 91.9 MPH)
Batting: RHB Doug Rowlett 0-0: Ball
1-0: Ball
2-0: Called Strike
2-1: Ball
3-1: Swinging Strike
3-2: Base on Balls
Batting: RHB Jimmy Niklot 0-0: Swinging Strike
0-1: Foul Ball, location: 25FF
0-2: Strikes out swinging
Batting: RHB Bert Campaneris 0-0: Called Strike
0-1: Ball
1-1: Fly out, F7 (Flyball, 78S, EV 93.8 MPH)
Top of the 6th over - 0 runs, 0 hits, 0 errors, 1 left on base; Red Springs 3 - John's Island 2
BOTTOM OF THE 6TH
John's Island Sod Poodles batting - Pitching for Red Springs Red Robins : RHP Ken Dwyer
Batting: RHB Benny Hutchins 0-0: Ball
1-0: Ball
2-0: SINGLE (Groundball, 4MD, EV 103.1 MPH)
Batting: RHB Craig Leslie 0-0: Foul Ball, location: 2F
0-1: Ball
1-1: Ball
2-1: Foul Ball, location: 2F
2-2: Ball
3-2: Foul Ball, location: 3SF
3-2: Strikes out swinging
Batting: RHB António Zumaya 0-0: Ball
1-0: Called Strike
1-1: Foul Ball, location: 2RF
1-2: Strikes out looking
Batting: LHB John Milner 0-0: Foul Ball, location: 2F
0-1: Ball
1-1: Reached on error, E6 (Groundball, 6, EV 77.5 MPH)
Benny Hutchins to second
Batting: RHB Bento Sardinheiro 0-0: Called Strike
0-1: Ball
1-1: Foul Ball, location: 7LSF
1-2: Ball
2-2: Strikes out swinging
Bottom of the 6th over - 0 runs, 1 hit, 1 error, 2 left on base; Red Springs 3 - John's Island 2
TOP OF THE 7TH
Red Springs Red Robins batting - Pitching for John's Island Sod Poodles : LHP Dan Rogers
Pitching: LHP Mel Behney
Batting: RHB Jeff Burroughs 0-0: SINGLE (Line Drive, 56D, EV 105.6 MPH)
Batting: LHB Ronald Kelly 0-0: Ball
1-0: Called Strike
1-1: Ball
2-1: Swinging Strike
2-2: Strikes out looking
Batting: RHB Dima Vatsik 0-0: Ball
1-0: Ball
2-0: SINGLE (Flyball, 78D, EV 105.6 MPH)
Jeff Burroughs to second
Pinch Runner at 2nd Cliff Cannon:
Batting: RHB Oscar Norris 0-0: Swinging Strike
0-1: Ball
1-1: Called Strike
1-2: SINGLE (Line Drive, 7S, EV 95.6 MPH)
Cliff Cannon to third
Dima Vatsik to second
Batting: RHB Larry Lewis 0-0: Grounds into fielders choice 6-2 (Groundball, 56, EV 85.0 MPH)
Dima Vatsik to third
Oscar Norris to second
Batting: RHB Tony López 0-0: Swinging Strike
0-1: DOUBLE (Groundball, 5L, EV 96.9 MPH)
Dima Vatsik scores
Oscar Norris scores
Larry Lewis to third
Batting: RHB Doug Rowlett 0-0: Foul Ball, location: 2F
0-1: Swinging Strike
0-2: Foul Ball, location: 9LDF
0-2: Ball
1-2: Reached on error, E6 (Groundball, 6, EV 100.6 MPH)
Larry Lewis scores
Pitching: RHP Greg Washburn
Batting: RHB Jimmy Niklot 0-0: Ground out 5-3 (Groundball, 56S, EV 84.4 MPH)
Top of the 7th over - 3 runs, 4 hits, 1 error, 2 left on base; Red Springs 6 - John's Island 2
BOTTOM OF THE 7TH
John's Island Sod Poodles batting - Pitching for Red Springs Red Robins : RHP Ken Dwyer
Now in LF: Christopher Pierce
Batting: LHB Austin Williams 0-0: Ball
1-0: Called Strike
1-1: Foul Ball, location: 3DF
1-2: Strikes out swinging
Batting: RHB Steve Palmer 0-0: Ball
1-0: Foul Ball, location: 5F
1-1: DOUBLE (Flyball, 89D, EV 95.0 MPH)
Batting: RHB Adam Wright 0-0: Ball
1-0: Called Strike
1-1: Swinging Strike
1-2: Foul Ball, location: 2F
1-2: Strikes out swinging
Pitching: RHP Don O'Riley
Batting: RHB Bill Oglethorpe 0-0: Swinging Strike
0-1: Foul Ball, location: 3FF
0-2: Ball
1-2: Fly out, F8 (Flyball, 8RXD, EV 90.0 MPH)
Bottom of the 7th over - 0 runs, 1 hit, 0 errors, 1 left on base; Red Springs 6 - John's Island 2
TOP OF THE 8TH
Red Springs Red Robins batting - Pitching for John's Island Sod Poodles : RHP Greg Washburn
Batting: RHB Bert Campaneris 0-0: Ball
1-0: Called Strike
1-1: Ball
2-1: Called Strike
2-2: Ball
3-2: Foul Ball, location: 23FF
3-2: Foul Ball, location: 3SF
3-2: SINGLE (Groundball, 15S, EV 68.8 MPH) (infield hit)
Batting: RHB Christopher Pierce 0-0: Ball
1-0: Ball
2-0: Ball
3-0: Foul Ball, location: 9LSF
3-1: Foul Ball, location: 2F
3-2: Foul Ball, location: 9LSF
3-2: Base on Balls
Bert Campaneris to second
Batting: LHB Ronald Kelly 0-0: Ball
1-0: Ball
2-0: Foul Ball, location: 2F
2-1: SINGLE (Line Drive, 34, EV 99.4 MPH)
Bert Campaneris to third
Christopher Pierce to second
Batting: RHB Dima Vatsik 0-0: Foul Ball, location: 2F
0-1: Swinging Strike
0-2: Foul Ball, location: 2F
0-2: DOUBLE (Flyball, 7LD, EV 110.6 MPH)
Bert Campaneris scores
Christopher Pierce scores
Ronald Kelly to third
Batting: RHB Oscar Norris 0-0: Ball
1-0: SINGLE (Groundball, 6MD, EV 95.0 MPH)
Ronald Kelly scores
Dima Vatsik to third
Pitching: RHP Bill Denehy
Batting: RHB Larry Lewis 0-0: Ball
1-0: SINGLE (Groundball, 56, EV 103.1 MPH) (infield hit)
Dima Vatsik scores
Oscar Norris to second
Batting: RHB Tony López 0-0: Ball
1-0: Called Strike
1-1: Ball
2-1: Foul Ball, location: 7LSF
2-2: Ball
3-2: Base on Balls
Oscar Norris to third
Larry Lewis to second
Batting: RHB Doug Rowlett 0-0: Ball
1-0: Ball
2-0: Called Strike
2-1: SINGLE (Line Drive, 89S, EV 88.1 MPH)
Oscar Norris scores
Larry Lewis to third
Tony López to second
Batting: RHB Jimmy Niklot 0-0: Ball
1-0: Ball
2-0: Ball
3-0: Base on Balls
Larry Lewis scores
Tony López to third
Doug Rowlett to second
Batting: RHB Bert Campaneris 0-0: Ball
1-0: Foul Ball, location: 9LDF
1-1: Called Strike
1-2: Ball
2-2: Ball
3-2: Base on Balls
Tony López scores
Doug Rowlett to third
Jimmy Niklot to second
Batting: RHB Christopher Pierce 0-0: Swinging Strike
0-1: Ball
1-1: Swinging Strike
1-2: Ball
2-2: Foul Ball, location: 2F
2-2: Ball
3-2: DOUBLE (Line Drive, 7LM, EV 105.6 MPH)
Doug Rowlett scores
Jimmy Niklot scores
Bert Campaneris to third
Pitching: LHP Danny Lazar
Batting: LHB Ronald Kelly 0-0: Called Strike
0-1: Swinging Strike
0-2: Ball
1-2: Foul Ball, location: 5SF
1-2: Fly out, F7 (Flyball, 7LD, EV 104.4 MPH)
Runner from 3rd tags up, SCORES, throw by LF
Christopher Pierce to third
Batting: RHB Dima Vatsik 0-0: Swinging Strike
0-1: Ball
1-1: Swinging Strike
1-2: SINGLE (Groundball, 5D, EV 104.4 MPH)
Christopher Pierce scores
Batting: RHB Oscar Norris 0-0: Ball
1-0: Fly out, F7 (Flyball, 78M, EV 99.4 MPH)
Lined into DP, 7-3 (Flyball, 78M, EV 99.4 MPH)
Top of the 8th over - 11 runs, 8 hits, 0 errors, 0 left on base; Red Springs 17 - John's Island 2
BOTTOM OF THE 8TH
John's Island Sod Poodles batting - Pitching for Red Springs Red Robins : RHP Don O'Riley
Batting: RHB Benny Hutchins 0-0: Called Strike
0-1: Foul Ball, location: 25FF
0-2: Ball
1-2: Ball
2-2: Ground out 6-3 (Groundball, 6, EV 89.4 MPH)
Pinch Hitting: RHB Matt Bower 0-0: Ball
1-0: Foul Ball, location: 2RF
1-1: Foul Ball, location: 3F
1-2: Ball
2-2: Foul Ball, location: 7LMF
2-2: SINGLE (Line Drive, 89S, EV 105.6 MPH)
Batting: RHB António Zumaya 0-0: Ball
1-0: Called Strike
1-1: Fielders Choice at 2nd, 3-6 (Groundball, 34S, EV 87.5 MPH)
Batting: LHB John Milner 0-0: SINGLE (Flyball, 78S, EV 98.1 MPH)
António Zumaya to second
Batting: RHB Bento Sardinheiro 0-0: Ball
Wild Pitch!
António Zumaya to third
John Milner to second
1-0: Called Strike
1-1: Ball
2-1: Ground out 5-3 (Groundball, 56, EV 89.4 MPH)
Bottom of the 8th over - 0 runs, 2 hits, 0 errors, 2 left on base; Red Springs 17 - John's Island 2
TOP OF THE 9TH
Red Springs Red Robins batting - Pitching for John's Island Sod Poodles : LHP Danny Lazar
Now in CF: Santiago Marino
Batting: RHB Larry Lewis 0-0: Called Strike
0-1: Ball
1-1: Foul Ball, location: 2RF
1-2: Ground out 4-3 (Groundball, 34, EV 101.3 MPH)
Batting: RHB Tony López 0-0: Foul Ball, location: 2F
0-1: Ball
1-1: Called Strike
1-2: Strikes out swinging
Batting: RHB Doug Rowlett 0-0: Called Strike
0-1: Called Strike
0-2: Ball
1-2: SINGLE (Groundball, 3D, EV 110.0 MPH)
Batting: RHB Jimmy Niklot 0-0: Called Strike
0-1: Ball
1-1: Ball
2-1: Called Strike
2-2: Strikes out looking
Top of the 9th over - 0 runs, 1 hit, 0 errors, 1 left on base; Red Springs 17 - John's Island 2
BOTTOM OF THE 9TH
John's Island Sod Poodles batting - Pitching for Red Springs Red Robins : RHP Don O'Riley
Batting: LHB Austin Williams 0-0: Fly out, F8 (Flyball, 8RM, EV 90.0 MPH)
Batting: RHB Steve Palmer 0-0: Fly out, F7 (Flyball, 78M, EV 93.1 MPH)
Batting: RHB Adam Wright 0-0: Fly out, F7 (Flyball, 7LM, EV 92.5 MPH)
Bottom of the 9th over - 0 runs, 0 hits, 0 errors, 0 left on base; Red Springs 17 - John's Island 2
Friday, March 1st , 2024 - OOTP Baseball 24.8 Build 75